 Dungeon Crawl Stone Soup version 0.29.1-13-g9f3cf754e1 (webtiles) character file.

Game seed: 16675550357174708346

1234 DildoBatman the Conjurer (level 8, -6/58 HPs)
             Began as a Formicid Conjurer on Jan 23, 2023.
             Shot with an arrow by a wight (11 damage)
             ... on level 6 of the Dungeon.
             The game lasted 00:16:29 (5104 turns).

DildoBatman the Conjurer (Formicid Conjurer)        Turns: 5104, Time: 00:16:29

Health: -6/58      AC:  3    Str: 11    XL:     8   Next: 77%
Magic:  11/15      EV: 12    Int: 21    God:
Gold:   402        SH:  0    Dex: 12    Spells: 8/17 levels left

rFire   . . .      SeeInvis +   a - +2 sling (freeze)
rCold   . . .      Faith    .   (no shield)
rNeg    . . .      Spirit   .   n - +0 robe
rPois   .          Reflect  .   (helmet unavailable)
rElec   .          Harm     .   (no cloak)
rCorr   .          Rampage  .   v - +0 pair of gloves
Will    .....                   (no boots)
Stlth   ++........              (no amulet)
HPRegen 0.19/turn               C - ring of flight
MPRegen 0.14/turn               (no ring)

@: flying
A: permanent stasis, dig shafts and tunnels, antennae 3, four strong arms
a: Dig, Shaft Self


You were on level 6 of the Dungeon.
You visited 1 branch of the dungeon, and saw 6 of its levels.

You collected 402 gold pieces.

Inventory:

Hand Weapons
 a - a +2 sling of freezing (weapon)
 b - a +4 short sword
Missiles
 g - a throwing net
 l - 8 poisoned darts
 u - 3 javelins
Armour
 n - a +0 robe (worn)
 v - a +0 pair of gloves (worn)
 B - a scarf of shadows
Jewellery
 C - a ring of flight (left hand)
Wands
 j - a wand of roots (8)
 y - a wand of paralysis (9)
Scrolls
 c - a scroll of immolation {unknown}
 e - 2 scrolls of vulnerability
 i - 3 scrolls of noise
 k - a scroll of enchant armour {unknown}
 o - 2 scrolls of poison
 p - 2 scrolls of blinking
 r - a scroll of teleportation {unknown}
 t - a scroll of torment {unknown}
 w - 3 scrolls of fear
 x - a scroll of amnesia {unknown}
 A - a scroll of summoning {unknown}
Potions
 d - a potion of brilliance {unknown}
 f - a potion of attraction {unknown}
 h - 2 potions of cancellation {unknown}
 m - a potion of flight {unknown}
 q - a potion of resistance {unknown}
 s - a potion of heal wounds {unknown}
 z - a potion of invisibility {unknown}


   Skills:
 - Level 3.0 Fighting
 - Level 1.0 Ranged Weapons
 - Level 3.0 Armour
 - Level 2.0 Dodging
 - Level 2.4 Stealth
 * Level 5.3 Spellcasting
 * Level 5.8 Conjurations
 - Level 3.0 Fire Magic
 - Level 2.0 Air Magic
 - Level 4.0 Poison Magic


You had 8 spell levels left.
You knew the following spells:

 Your Spells              Type           Power      Damage    Failure   Level
a - Searing Ray           Conj           60%        2d6       1%          2
b - Conjure Flame         Conj/Fire      24%        6-21      5%          3
c - Magic Dart            Conj           100%       1d8       1%          1
e - Mephitic Cloud        Conj/Pois/Air  22%        N/A       6%          3

Your spell library contained the following spells:

 Spells                   Type           Power      Damage    Failure   Level
 Foxfire                  Conj/Fire      96%        2x1d8     1%          1
 Dazzling Flash           Conj/Hex       34%        N/A       10%         3
 Beastly Appendage        Tmut           10%        N/A       11%         1
 Summon Small Mammal      Summ           20%        N/A       11%         1
 Ignite Poison            Fire/Tmut/Pois 15%        N/A       12%         3
 Spider Form              Tmut/Pois      13%        N/A       14%         3
 Wereblood                Tmut           5%         N/A       16%         2
 Inner Flame              Hex/Fire       11%        N/A       17%         3
 Flame Wave               Conj/Fire      24%        2d8       17%         4
 Call Canine Familiar     Summ           5%         N/A       32%         3
 Gell's Gravitas          Tloc           5%         N/A       32%         3
 Lesser Beckoning         Tloc           5%         N/A       32%         3
 Summon Guardian Golem    Hex/Summ       5%         N/A       32%         3
 Teleport Other           Tloc           5%         N/A       32%         3
 Fulminant Prism          Conj/Hex       8%         3d7       32%         4
 Iskenderun's Mystic Bla  Conj/Tloc      17%        2d5       32%         4
 Freezing Cloud           Conj/Ice/Air   8%         6-21      69%         5


Dungeon Overview and Level Annotations

Branches:
Dungeon (6/15)
 Temple: D:4-7

Altars:
Qazlal
Uskayaw
Yredelemnul
Zin

Annotations:
D:3 3 runed translucent doors, crompyre's ghost, amateur DjCj
D:4 3 runed translucent doors, Jus7F0rFu4's ghost, amateur TrFi
D:5 1 runed translucent door, 1 exclusion


Innate Abilities, Weirdness & Mutations

You cannot be hasted, slowed, berserked, paralysed or teleported.
You can dig through walls and to a lower floor.
You have a pair of large antennae on your head. (SInv)
Your four strong arms can wield two-handed weapons with a shield.


Message History

Press: ? - help, Shift-Dir - straight line, f/p - adder
Aim: an adder (almost dead, 100% to hit)
The magic dart hits the adder.
You kill the adder!
You start resting.
Your magical contamination has completely faded away.
You start resting.
HP restored.
Magic restored.
The wight unwields a +0 great sword.
The wight wields a +0 longbow.
The wight shoots an arrow.
The arrow hits you!
The wight shoots an arrow.
The arrow hits you.
Casting: Magic Dart (safe; 1% risk of failure)
Confirm with . or Enter, or press ? or * to list all spells.
You can't see any susceptible monsters within range! (Use Z to cast anyway.) Unknown command.
The wight shoots an arrow.
The arrow hits you!
Casting: Magic Dart (safe; 1% risk of failure)
Confirm with . or Enter, or press ? or * to list all spells.
Aiming: Searing Ray (safe; 1% risk of failure)
Press: ? - help, Shift-Dir - straight line, f - wight
Aim: a wight, wielding a +0 longbow and wearing a +0 robe (79% to hit)
The searing ray hits the wight.
The wight is lightly damaged. (Press . to maintain the ray.)
The wight shoots an arrow.
The arrow hits you!
The searing ray hits the wight!
The wight is severely damaged.
The wight shoots an arrow.
The arrow hits you!
The searing ray hits the wight.
The wight is severely damaged.
The wight shoots an arrow.
The arrow hits you!
You die...

#............#
##............#
#............##
#............#
##............#
#.............# #
#............####.
#............##...
#@................
#........<†........
#..................
...................
z...........#####...
.z...........# ...
...########..## ..
..## #### .


You could see 2 wights.

Vanquished Creatures
  A steam dragon (D:6)
  A black bear (D:4)
  2 ogres (D:5)
  A bullfrog (D:6)
  A necrophage (D:3)
  2 scorpions (D:5)
  A wight (D:5)
  2 hounds
  A jelly (D:5)
  2 orc priests (D:5)
  2 iguanas
  4 orc wizards
  3 gnolls (D:3)
  7 adders
  An ufetubus (D:5)
  7 worms
  2 dart slugs
  19 orcs
  12 endoplasms
  3 giant cockroaches
  4 goblins
  5 hobgoblins
  13 jackals
  2 quokkas
  7 ball pythons
  7 bats
  4 frilled lizards (D:2)
  2 kobolds
  3 rats
121 creatures vanquished.

Vanquished Creatures (others)
  2 fungi (D:1)
  5 toadstools (D:1)
7 creatures vanquished.

Grand Total: 128 creatures vanquished

Notes
Turn   | Place    | Note
-------+----------+-------------------------------------------
     0 | D:1      | DildoBatman the Formicid Conjurer began the quest for the
                  | Orb.
     0 | D:1      | Reached XP level 1. HP: 13/13 MP: 3/3
   372 | D:1      | Reached XP level 2. HP: 17/20 MP: 0/5
   375 | D:1      | Learned a level 2 spell: Searing Ray
  1119 | D:2      | Reached skill level 1 in Fighting
  1171 | D:2      | Reached XP level 3. HP: 26/26 MP: 2/6
  1183 | D:2      | Reached skill level 1 in Armour
  1430 | D:2      | Reached XP level 4. HP: 13/33 MP: 4/8
  1724 | D:2      | Found a faded altar of an unknown god.
  1748 | D:2      | Learned a level 3 spell: Conjure Flame
  2156 | D:3      | Reached XP level 5. HP: 37/38 MP: 4/9
  2272 | D:3      | Learned a level 3 spell: Mephitic Cloud
  2454 | D:3      | Found a runed translucent gate.
  2454 | D:3      | Found a runed translucent gate.
  2454 | D:3      | Noticed crompyre's ghost (amateur DjCj)
  2455 | D:3      | Noticed a kobold brigand
  2455 | D:3      | Found a runed translucent gate.
  2522 | D:3      | Reached skill level 1 in Ranged Weapons
  2522 | D:3      | Reached XP level 6. HP: 46/46 MP: 2/11
  3010 | D:4      | Noticed a black bear
  3056 | D:4      | Found a basalt altar of Yredelemnul.
  3092 | D:4      | Found a hide-covered altar of Uskayaw.
  3119 | D:4      | Found a runed translucent gate.
  3129 | D:4      | Found a runed translucent gate.
  3130 | D:4      | Found a runed translucent gate.
  3131 | D:4      | Noticed Jus7F0rFu4's ghost (amateur TrFi)
  3132 | D:4      | Identified the +1 chain mail "Esaah" {MP+9}
  3495 | D:4      | Killed a black bear
  3496 | D:4      | Reached skill level 1 in Poison Magic
  3496 | D:4      | Reached XP level 7. HP: 52/52 MP: 4/13
  3578 | D:5      | Entered Level 5 of the Dungeon
  3625 | D:5      | Reached skill level 1 in Fire Magic
  3658 | D:5      | Reached skill level 5 in Conjurations
  3658 | D:5      | Reached skill level 1 in Air Magic
  3888 | D:5      | Reached XP level 8. HP: 47/58 MP: 14/14
  4009 | D:5      | Found a runed translucent door.
  4401 | D:5      | Found a glowing silver altar of Zin.
  4429 | D:5      | Found a stormy altar of Qazlal.
  4926 | D:6      | Reached skill level 5 in Spellcasting
  5104 | D:6      | Shot with an arrow by a wight

Illustrated notes

Levels and vault maps discovered:
D:1:      elethiomel_arrival_maze, layout_basic, minmay_gold_behind_fungi,
          solitary_fountain
D:2:      layout_rooms, ebering_ecumenical_altar_abandoned,
          roderic_roman_lattice
D:3:      layout_basic, gammafunk_ghost_nasty_kobolds, minmay_misc_feat_encased,
          minivault_27, hangedman_abyss_or_decor_lesser_grid
D:4:      layout_cave_pools, grunt_temple_overflow_open,
          biasface_ghost_orc_armoury
D:5:      layout_cave_pools, mainiacjoe_overflow_two_lobes, chequers_garden,
          uniq_crazy_yiuf_cottage
D:6:      layout_cave_pods

Skill      XL: |  1  2  3  4  5  6  7  8 |
---------------+-------------------------+-----
Dodging        | 2 |  2.0
Fighting       | 1 2 3 |  3.0
Armour         | 1 2 3 |  3.0
Conjurations   | 4 5 |  5.8
Spellcasting   | 3 4 5 |  5.3
Ranged Weapons | 1 |  1.0
Poison Magic   | 1 2 4 |  4.0
Fire Magic     | 2 3 |  3.0
Air Magic      | 1 2 |  2.0
Stealth        | |  2.4

Action                   |  1- 3 |  4- 6 |  7- 9 || total
-------------------------+-------+-------+-------++-------
Melee: Unarmed           |    21 |       |       ||    21
       Short sword       |     7 |       |       ||     7
       Spear             |    13 |     1 |       ||    14
 Fire: Sling             |       |   108 |    76 ||   184
 Cast: Magic Dart        |    55 |    11 |     3 ||    69
       Searing Ray       |     3 |    19 |    15 ||    37
       Mephitic Cloud    |       |       |     8 ||     8
  Use: Potion            |     3 |       |       ||     3
       Scroll            |       |       |     5 ||     5
 Stab: Sleeping          |     2 |       |       ||     2
Armor: Robe              |    11 |    14 |     3 ||    28
Dodge: Dodged            |    43 |    30 |    18 ||    91
